 Dungeon Sprint DCSS version 0.22.1-1-ga44c0e56f4 (webtiles) character file.

339 MuseOD the Covert (level 6, -5/34 (35) HPs)
             Began as a Spriggan Enchanter on Sept 21, 2018.
             Was an Initiate of Dithmenos.
             Slain by a fire dragon (11 damage)
             ... in the Dungeon (Sprint II: "The Violet Keep of Menkaure").
             The game lasted 00:00:39 (171 turns).

MuseOD the Covert (Spriggan Enchanter)               Turns: 171, Time: 00:00:40

HP:   -5/34 (35)    AC:  2    Str:  4    XL:     6   Next: 29%
MP:   5/11          EV: 18    Int: 19    God:    Dithmenos [......]
Gold: 243           SH:  0    Dex: 16    Spells: 1/10 levels left

rFire    . . .     SeeInvis +   a - +1 dagger
rCold    . . .     Gourm    .   (shield restricted)
rNeg     . . .     Faith    .   b - +0 robe
rPois    .         Spirit   .   (helmet restricted)
rElec    .         Reflect  .   (no cloak)
rCorr    .         Harm     .   (gloves unavailable)
MR       +....     NoTele   +   (boots unavailable)
Stlth    +++++.....             (no amulet)
HPRegen  0.11/turn              (no ring)
MPRegen  0.12/turn              (no ring)

@: very quick
A: very small, unfitting armour, see invisible, herbivore, speed 3, slow
metabolism 2
a: Renounce Religion


You were in the Dungeon.
You worshipped Dithmenos.
Dithmenos was noncommittal.
You were not hungry.

You visited 1 branch You collected 243 gold pieces.

Inventory:

Hand Weapons
 a - a +1 dagger (weapon)
Armour
 b - a +0 robe (worn)
Scrolls
 j - a scroll of blinking
Potions
 e - a potion of curing
 g - a potion of haste
 h - 2 potions of magic
Comestibles
 d - a ration


   Skills:
 + Level 5.4 Fighting
 * Level 10.3 Short Blades
 - Level 3.0 Dodging
 + Level 11.1 Stealth
 - Level 2.6 Spellcasting
 - Level 3.6 Hexes


You had one spell level left.
You knew the following spells:

 Your Spells              Type           Power        Failure   Level  Hunger
a - Corona                Hex            ###....      3%          1    None
b - Ensorcelled Hibernat  Hex/Ice        #.....       12%         2    ##.....
c - Confuse               Hex            ###.....     11%         3    ###....
d - Dazzling Spray        Conj/Hex       #.....       22%         3    ###....

Your spell library contained the following spells:

 Spells                   Type           Power        Failure   Level  Hunger
 Tukima's Dance           Hex            ###.....     11%         3    ###....


Dungeon Overview and Level Annotations

Branches:
Dungeon (1/1)

Altars:
Cheibriados
Dithmenos
Elyvilon
Fedhas
Gozag
Hepliaklqana
Kikubaaqudgha
Makhleb
Nemelex Xobeh
Okawaru
Qazlal
Ru
Sif Muna
Trog
Uskayaw
Vehumet
Wu Jian
Xom
Yredelemnul
Zin
The Shining One
Beogh
Jiyva
Lugonu


Innate Abilities, Weirdness & Mutations

You are very small and have problems with some larger weapons.
You are too small for most types of armour.
You have supernaturally acute eyesight. (SInv)
You are a herbivore.
You cover ground extremely quickly.
You need to consume almost no food.


Message History

A fire dragon comes into view.
The fire dragon roars deafeningly!
Found 81 gold pieces.
Cast which spell? (? or * to list)
Aiming: Confuse (safe; 11% risk of failure)
Press: ? - help, Shift-Dir - straight line, f - fire dragon
Aim: a fire dragon (chance to defeat MR: 16%)
The fire dragon resists with almost no effort.
The fire dragon bites you! The fire dragon claws you!
The fire dragon tramples you!
* * * LOW HITPOINT WARNING * * *
You stumble backwards!
Casting: Confuse (safe; 11% risk of failure)
Confirm with . or Enter, or press ? or * to list all spells.
Aiming: Confuse (safe; 11% risk of failure)
Press: ? - help, Shift-Dir - straight line, f/p - fire dragon
Aim: a fire dragon (chance to defeat MR: 16%)
The fire dragon resists with almost no effort.
The fire dragon bites you!
You die... .. .. .. .. #. .#### +.### ...# ...# ###..#####..# $!$$[

#+###.##..#.$'..# ▓($(?[?
##.##...#..# #D.# #▓$$!$([$
+.<.†##.'..####.@####▓%$?(??[
##.##†..#....###...##▓▓▓▓▓▓▓+
#+###.##..§...≈≈≈≈≈≈≈≈≈≈≈≈≈
###≈≈§....§#'########+##
#≈≈≈≈≈≈≈§.≈#_._.....#≈§≈
#≈≈§§≈≈≈≈.≈#._._....#§§§
#≈≈≈≈≈§§§§≈≈#_._._...#t≈§§
≈≈≈≈≈§≈§≈≈§≈#._._._..#§§t
''#≈≈≈≈§§≈≈≈#_._._._.#≈§§≈


You could see a fire dragon.

Vanquished Creatures
  4 necrophages (D)
4 creatures vanquished.

Vanquished Creatures (others)
  A crocodile (D)
1 creature vanquished.

Grand Total: 5 creatures vanquished

Notes
Turn   | Place    | Note
-------+----------+-------------------------------------------
     0 | D        | MuseOD the Spriggan Enchanter began the quest for the Orb.
     0 | D        | Reached XP level 1. HP: 9/9 MP: 5/5
     1 | D        | Noticed a necrophage
     1 | D        | Noticed a necrophage
     1 | D        | Noticed a necrophage
     1 | D        | Noticed a necrophage
    12 | D        | Killed a necrophage
    12 | D        | Reached skill level 7 in Stealth
    12 | D        | Reached XP level 2. HP: 16/16 MP: 6/6
    12 | D        | Reached XP level 3. HP: 20/20 MP: 8/8
    12 | D        | Reached XP level 4. HP: 24/24 MP: 9/9
    16 | D        | Killed a necrophage
    16 | D        | Reached skill level 9 in Stealth
    16 | D        | Reached XP level 5. HP: 29/29 MP: 10/10
    20 | D        | Killed a necrophage
    20 | D        | Reached skill level 10 in Stealth
    42 | D        | HP: 1/29 [necrophage (8)]
    46 | D        | Killed a necrophage
    46 | D        | Reached skill level 5 in Fighting
    46 | D        | Reached skill level 10 in Short Blades
    46 | D        | Reached skill level 11 in Stealth
    46 | D        | Reached XP level 6. HP: 23/34 MP: 11/11
    50 | D        | Learned a level 2 spell: Ensorcelled Hibernation
    54 | D        | Learned a level 3 spell: Confuse
    58 | D        | Learned a level 3 spell: Dazzling Spray
   143 | D        | Found an iron altar of Okawaru.
   143 | D        | Found a radiant altar of Vehumet.
   144 | D        | Found a sparkling altar of Nemelex Xobeh.
   144 | D        | Found a hide-covered altar of Uskayaw.
   144 | D        | Found a glowing silver altar of Zin.
   145 | D        | Found an opulent altar of Gozag.
   145 | D        | Found a burning altar of Makhleb.
   145 | D        | Found a bloodstained altar of Trog.
   146 | D        | Found a blossoming altar of Fedhas.
   146 | D        | Found a corrupted altar of Lugonu.
   146 | D        | Found a basalt altar of Yredelemnul.
   146 | D        | Found a deep blue altar of Sif Muna.
   147 | D        | Found a white marble altar of Elyvilon.
   147 | D        | Found an ancient bone altar of Kikubaaqudgha.
   148 | D        | Found a shadowy altar of Dithmenos.
   148 | D        | Found a viscous altar of Jiyva.
   149 | D        | Found a snail-covered altar of Cheibriados.
   151 | D        | Found a roughly hewn altar of Beogh.
   151 | D        | Found a shimmering altar of Xom.
   151 | D        | Found a sacrificial altar of Ru.
   151 | D        | Found a hazy altar of Hepliaklqana.
   152 | D        | Found a glowing golden altar of the Shining One.
   152 | D        | Found an ornate altar of the Wu Jian Council.
   152 | D        | Found a stormy altar of Qazlal.
   157 | D        | Became a worshipper of Dithmenos the Shadowed
   169 | D        | Noticed a fire dragon
   171 | D        | Slain by a fire dragon

Skill      XL: |  1  2  3  4  5 |
---------------+----------------+-----
Fighting       | 3 4 5 |  5.4
Short Blades   | 6 8 10 | 10.3
Stealth        | 7 9 11 | 11.1
Dodging        | |  3.0
Spellcasting   | |  2.6
Hexes          | |  3.6

Action                   |  1- 3 |  4- 6 || total
-------------------------+-------+-------++-------
Melee: Dagger            |    10 |    32 ||    42
 Cast: Confuse           |       |     2 ||     2
  Use: Potion            |     1 |     1 ||     2
Armor: Robe              |     1 |     1 ||     2
Dodge: Dodged            |     4 |    13 ||    17
